NWL (28 & UNDER)
RED DEER WRANGLERS @ RIVERSIDE RED BULLS
09/02/2030
 
TOP OF THE 1ST
Red Deer Wranglers batting - Pitching for Riverside Red Bulls : LHP Alberto Pagán
Pitching: LHP Alberto Pagán
Batting: RHB Art Cameron 0-0: Fly out, F9 (Flyball, 9)
Batting: LHB Francisco Blanco 0-0: Called Strike
0-1: Swinging Strike
0-2: Strikes out swinging
Batting: RHB Pedro Cabrera 0-0: Swinging Strike
0-1: Ball
1-1: Ball
2-1: Ground out 4-3 (Groundball, 4)
Top of the 1st over - 0 runs, 0 hits, 0 errors, 0 left on base; Red Deer 0 - Riverside 0
BOTTOM OF THE 1ST
Riverside Red Bulls batting - Pitching for Red Deer Wranglers : RHP Sloan Numbers
Pitching: RHP Sloan Numbers
Batting: SHB Carlos Ramírez 0-0: Called Strike
0-1: Foul Ball, location: 2F
0-2: Ball
1-2: Foul Ball, location: 2F
1-2: Strikes out swinging
Batting: RHB Bobby Miller 0-0: Called Strike
0-1: Ball
1-1: Ball
2-1: Called Strike
2-2: Ball
3-2: Base on Balls
Batting: LHB Gabriel Estrada 0-0: Ball
1-0: Ball
2-0: Ball
3-0: Base on Balls
Bobby Miller to second
Batting: RHB John Burton 0-0: Called Strike
0-1: SINGLE (Groundball, 6MS) (infield hit)
Bobby Miller to third
Gabriel Estrada to second
Batting: LHB Miguel Gálvez 0-0: Called Strike
0-1: Ball
1-1: Ball
2-1: GRAND SLAM HOME RUN (Flyball, 9LD), Distance : 392 ft
Batting: RHB José González 0-0: Ball
1-0: Foul Ball, location: 2F
1-1: Swinging Strike
1-2: Ball
2-2: Strikes out swinging passed ball, reaches first!
Batting: RHB Steve West 0-0: Called Strike
0-1: Ball
1-1: Ball
2-1: Ball
3-1: Foul Ball, location: 2F
3-2: Foul Ball, location: 2F
3-2: Strikes out swinging
José González steals 2nd base
Batter strikes out.
Batting: RHB Pete Woods 0-0: Ball
1-0: Foul Ball, location: 2F
1-1: Ground out 5-3 (Groundball, 5)
Bottom of the 1st over - 4 runs, 2 hits, 0 errors, 1 left on base; Red Deer 0 - Riverside 4
TOP OF THE 2ND
Red Deer Wranglers batting - Pitching for Riverside Red Bulls : LHP Alberto Pagán
Batting: RHB Ben Fisher 0-0: Ball
1-0: Ball
2-0: Ball
3-0: Called Strike
3-1: SINGLE (Line Drive, 7S)
Batting: LHB Jorge Olvera 0-0: Ball
1-0: Ball
2-0: Called Strike
2-1: Called Strike
2-2: Fielders Choice at 2nd, 4-6 (Groundball, 4)
Batting: RHB Joe Wiggs Pickoff Throw to First - Error! E1
Jorge Olvera to second
0-0: Foul Ball, location: 2F
0-1: Ball
1-1: Swinging Strike
1-2: Ground out 6-3 (Groundball, 6)
Batting: LHB José Domínguez 0-0: Called Strike
0-1: Swinging Strike
0-2: Ball
1-2: Strikes out swinging
Top of the 2nd over - 0 runs, 1 hit, 1 error, 1 left on base; Red Deer 0 - Riverside 4
BOTTOM OF THE 2ND
Riverside Red Bulls batting - Pitching for Red Deer Wranglers : RHP Sloan Numbers
Batting: RHB Juan Morales 0-0: Called Strike
0-1: Ball
1-1: Called Strike
1-2: Foul Ball, location: 2F
1-2: Ball
2-2: Strikes out swinging
Batting: SHB Carlos Ramírez 0-0: Ball
1-0: Ball
2-0: Foul Ball, location: 2F
2-1: Foul Ball, location: 2F
2-2: SINGLE (Line Drive, 4D)
Batting: RHB Bobby Miller 0-0: Foul Ball, location: 2F
0-1: Called Strike
0-2: Foul Ball, location: 2F
0-2: Ball
1-2: Ball
2-2: Ground out 5-3 (Groundball, 56S)
Carlos Ramírez to second
Batting: LHB Gabriel Estrada 0-0: Called Strike
0-1: Ball
1-1: Ball
2-1: Foul Ball, location: 2F
2-2: Fly out, F7 (Flyball, 7LMF)
Bottom of the 2nd over - 0 runs, 1 hit, 0 errors, 1 left on base; Red Deer 0 - Riverside 4
TOP OF THE 3RD
Red Deer Wranglers batting - Pitching for Riverside Red Bulls : LHP Alberto Pagán
Batting: RHB Adam Gentry 0-0: Called Strike
0-1: SINGLE (Flyball, 78S)
Batting: RHB Valentín Reyes 0-0: Ball
Adam Gentry steals 2nd base
1-0: Called Strike
1-1: Swinging Strike
1-2: Strikes out swinging
Batting: RHB Art Cameron 0-0: Ball
1-0: Swinging Strike
1-1: Ball
2-1: Foul Ball, location: 2F
2-2: Strikes out swinging
Batting: LHB Francisco Blanco 0-0: Swinging Strike
0-1: Ball
1-1: Ball
2-1: Swinging Strike
2-2: Foul Ball, location: 2F
2-2: Strikes out swinging, 2-3 out at first.
Top of the 3rd over - 0 runs, 1 hit, 0 errors, 1 left on base; Red Deer 0 - Riverside 4
BOTTOM OF THE 3RD
Riverside Red Bulls batting - Pitching for Red Deer Wranglers : RHP Sloan Numbers
Batting: RHB John Burton 0-0: Ball
1-0: Called Strike
1-1: Foul Ball, location: 2F
1-2: Ground out 6-3 (Groundball, 6)
Batting: LHB Miguel Gálvez 0-0: Foul Ball, location: 2F
0-1: Swinging Strike
0-2: Ball
1-2: Strikes out swinging
Batting: RHB José González 0-0: Swinging Strike
0-1: Ground out U3 (Groundball, 3S)
Bottom of the 3rd over - 0 runs, 0 hits, 0 errors, 0 left on base; Red Deer 0 - Riverside 4
TOP OF THE 4TH
Red Deer Wranglers batting - Pitching for Riverside Red Bulls : LHP Alberto Pagán
Batting: RHB Pedro Cabrera 0-0: Called Strike
0-1: Ground out 4-3 (Groundball, 4)
Batting: RHB Ben Fisher 0-0: Swinging Strike
0-1: Foul Ball, location: 2F
0-2: Ball
1-2: Ball
2-2: Strikes out swinging
Batting: LHB Jorge Olvera 0-0: Called Strike
0-1: Ball
1-1: Swinging Strike
1-2: Strikes out looking
Top of the 4th over - 0 runs, 0 hits, 0 errors, 0 left on base; Red Deer 0 - Riverside 4
BOTTOM OF THE 4TH
Riverside Red Bulls batting - Pitching for Red Deer Wranglers : RHP Sloan Numbers
Batting: RHB Steve West 0-0: Ball
1-0: Swinging Strike
1-1: Ball
2-1: Ball
3-1: Base on Balls
Batting: RHB Pete Woods 0-0: Foul Ball, location: 2F
0-1: Ball
1-1: Foul Ball, location: 2F
1-2: Ball
Wild Pitch!
Steve West to second
2-2: Ball
3-2: Foul Ball, location: 2F
3-2: Ground out 6-3 (Groundball, 6M)
Steve West to third
Batting: RHB Juan Morales 0-0: Ball
1-0: Swinging Strike
1-1: Swinging Strike
1-2: Strikes out swinging
Batting: SHB Carlos Ramírez 0-0: Ball
1-0: Foul Ball, location: 2F
1-1: Ground out 6-3 (Groundball, 6M)
Bottom of the 4th over - 0 runs, 0 hits, 0 errors, 1 left on base; Red Deer 0 - Riverside 4
TOP OF THE 5TH
Red Deer Wranglers batting - Pitching for Riverside Red Bulls : LHP Alberto Pagán
Batting: RHB Joe Wiggs 0-0: Called Strike
0-1: Foul Ball, location: 2F
0-2: Ball
1-2: Fly out, F7 (Flyball, 78D)
Batting: LHB José Domínguez 0-0: SINGLE (Groundball, 25) (infield hit)
Batting: RHB Adam Gentry 0-0: SINGLE (Groundball, 4D)
José Domínguez to second
Batting: RHB Valentín Reyes 0-0: Called Strike
0-1: Ball
1-1: Called Strike
1-2: Foul Ball, location: 2F
1-2: Strikes out swinging
Batting: RHB Art Cameron 0-0: Reached on error, E6 (Groundball, 6)
José Domínguez to third
Adam Gentry to second
Batting: LHB Francisco Blanco 0-0: Ball
1-0: Fly out, F7 (Flyball, 7S)
Top of the 5th over - 0 runs, 2 hits, 1 error, 3 left on base; Red Deer 0 - Riverside 4
BOTTOM OF THE 5TH
Riverside Red Bulls batting - Pitching for Red Deer Wranglers : RHP Sloan Numbers
Batting: RHB Bobby Miller 0-0: Swinging Strike
0-1: Foul Ball, location: 2F
0-2: Ball
1-2: Ball
2-2: Ball
3-2: SOLO HOME RUN (Flyball, 78XD), Distance : 400 ft
Batting: LHB Gabriel Estrada 0-0: Ball
1-0: Ball
2-0: Foul Ball, location: 2F
2-1: Ball
3-1: Swinging Strike
3-2: Foul Ball, location: 2F
3-2: Foul Ball, location: 2F
3-2: Fly out, F7 (Flyball, 7LMF)
Batting: RHB John Burton 0-0: Ball
1-0: Called Strike
1-1: Ball
2-1: SINGLE (Line Drive, 7S)
Pitching: RHP César Amaya
Batting: LHB Miguel Gálvez 0-0: Called Strike
0-1: Foul Ball, location: 2F
0-2: 2-RUN HOME RUN (Flyball, 89XD), Distance : 401 ft
Batting: RHB José González 0-0: Hit by Pitch
Batting: RHB Steve West 0-0: Fly out, F9 (Flyball, 9S)
Batting: RHB Pete Woods 0-0: Called Strike
0-1: Fly out, F9 (Flyball, 89D)
Bottom of the 5th over - 3 runs, 3 hits, 0 errors, 1 left on base; Red Deer 0 - Riverside 7
TOP OF THE 6TH
Red Deer Wranglers batting - Pitching for Riverside Red Bulls : LHP Alberto Pagán
Batting: RHB Pedro Cabrera 0-0: Ball
1-0: Foul Ball, location: 2F
1-1: Called Strike
1-2: Ball
2-2: Fly out, F9 (Line Drive, 89D)
Batting: RHB Ben Fisher 0-0: Called Strike
0-1: Ball
1-1: Called Strike
1-2: Ball
2-2: Strikes out swinging
Batting: LHB Jorge Olvera 0-0: Called Strike
0-1: Swinging Strike
0-2: Strikes out looking
Top of the 6th over - 0 runs, 0 hits, 0 errors, 0 left on base; Red Deer 0 - Riverside 7
BOTTOM OF THE 6TH
Riverside Red Bulls batting - Pitching for Red Deer Wranglers : RHP César Amaya
Batting: RHB Juan Morales 0-0: Ball
1-0: Foul Ball, location: 2F
1-1: Foul Ball, location: 2F
1-2: Ball
2-2: Ball
3-2: Fly out, F7 (Flyball, 78S)
Batting: SHB Carlos Ramírez 0-0: Ball
1-0: Fly out, F9 (Flyball, 9)
Batting: RHB Bobby Miller 0-0: Called Strike
0-1: Ball
1-1: Fly out, F8 (Flyball, 89D)
Bottom of the 6th over - 0 runs, 0 hits, 0 errors, 0 left on base; Red Deer 0 - Riverside 7
TOP OF THE 7TH
Red Deer Wranglers batting - Pitching for Riverside Red Bulls : LHP Alberto Pagán
Batting: RHB Joe Wiggs 0-0: Foul Ball, location: 2F
0-1: Ball
1-1: Fly out, F8 (Flyball, 89D)
Batting: LHB José Domínguez 0-0: Ball
1-0: SINGLE (Groundball, 4MD)
Batting: RHB Adam Gentry 0-0: Ball
1-0: Ball
2-0: Foul Ball, location: 2F
2-1: Ball
3-1: Swinging Strike
3-2: Strikes out looking
Batting: RHB Valentín Reyes 0-0: SINGLE (Groundball, 56D)
José Domínguez to second
Batting: RHB Art Cameron 0-0: Ground out 4-3 (Groundball, 4)
Top of the 7th over - 0 runs, 2 hits, 0 errors, 2 left on base; Red Deer 0 - Riverside 7
BOTTOM OF THE 7TH
Riverside Red Bulls batting - Pitching for Red Deer Wranglers : RHP César Amaya
Batting: LHB Gabriel Estrada 0-0: Ball
1-0: Fly out, F7 (Flyball, 7)
Batting: RHB John Burton 0-0: Swinging Strike
0-1: Ball
1-1: Foul Ball, location: 2F
1-2: Strikes out looking
Batting: LHB Miguel Gálvez 0-0: Called Strike
0-1: Swinging Strike
0-2: Ball
1-2: Ball
2-2: Ball
3-2: Foul Ball, location: 2F
3-2: Base on Balls
Batting: RHB José González 0-0: Called Strike
Miguel Gálvez steals 2nd base
0-1: Ball
1-1: SINGLE (Groundball, 56D)
Miguel Gálvez to third
Runner from 3rd tries for Home, SAFE, no throw
Batting: RHB Steve West 0-0: Fly out, F9 (Flyball, 9LSF)
Bottom of the 7th over - 1 run, 1 hit, 0 errors, 1 left on base; Red Deer 0 - Riverside 8
TOP OF THE 8TH
Red Deer Wranglers batting - Pitching for Riverside Red Bulls : LHP Alberto Pagán
Batting: LHB Francisco Blanco 0-0: Called Strike
0-1: Called Strike
0-2: Foul Ball, location: 2F
0-2: Strikes out swinging
Batting: RHB Pedro Cabrera 0-0: DOUBLE (Flyball, 89D)
Batting: RHB Ben Fisher 0-0: Called Strike
0-1: Swinging Strike
0-2: Ball
Wild Pitch!
Pedro Cabrera to third
1-2: Ball
2-2: Foul Ball, location: 2F
2-2: Fly out, F8 (Flyball, 8RM)
Runner from 3rd tags up, SCORES, no throw
Batting: LHB Jorge Olvera 0-0: Ball
1-0: Called Strike
1-1: Ball
2-1: Ball
3-1: Ground out 4-3 (Groundball, 4)
Top of the 8th over - 1 run, 1 hit, 0 errors, 0 left on base; Red Deer 1 - Riverside 8
BOTTOM OF THE 8TH
Riverside Red Bulls batting - Pitching for Red Deer Wranglers : RHP César Amaya
Batting: RHB Pete Woods 0-0: Ball
1-0: Called Strike
1-1: Ball
2-1: Fly out, F3 (Popup, 3S)
Batting: RHB Juan Morales 0-0: Ball
1-0: Called Strike
1-1: Fly out, F9 (Flyball, 9S)
Batting: SHB Carlos Ramírez 0-0: Ball
1-0: Ball
2-0: Ball
3-0: Base on Balls
Batting: RHB Bobby Miller 0-0: Ball
1-0: Ball
2-0: Foul Ball, location: 2F
2-1: Ball
3-1: Foul Ball, location: 2F
3-2: Foul Ball, location: 2F
3-2: Base on Balls
Carlos Ramírez to second
Batting: LHB Gabriel Estrada 0-0: Ball
Bobby Miller steals 2nd base
Carlos Ramírez to third
1-0: Ball
2-0: SINGLE (Line Drive, 6D)
Carlos Ramírez scores
Bobby Miller to third
Runner from 3rd tries for Home, SAFE, no throw
Batting: RHB John Burton 0-0: Ball
1-0: Called Strike
1-1: Ball
2-1: Fly out, F9 (Line Drive, 9)
Bottom of the 8th over - 2 runs, 1 hit, 0 errors, 1 left on base; Red Deer 1 - Riverside 10
TOP OF THE 9TH
Red Deer Wranglers batting - Pitching for Riverside Red Bulls : LHP Alberto Pagán
Batting: RHB Joe Wiggs 0-0: Called Strike
0-1: Called Strike
0-2: Ball
1-2: Ball
2-2: Strikes out looking
Batting: LHB José Domínguez 0-0: Fly out, F9 (Flyball, 89S)
Batting: RHB Adam Gentry 0-0: Called Strike
0-1: Called Strike
0-2: Fly out, F4 (Popup, 4M)
Top of the 9th over - 0 runs, 0 hits, 0 errors, 0 left on base; Red Deer 1 - Riverside 10
Saturday, April 7th, 2018 - OOTP Baseball 18.8 Build 76